 Dungeon Crawl Stone Soup version 0.28-a0-1202-g1e6f1b2279 (webtiles) character file.

Game seed: 1642025237287189621

4567 Astera the Gusty (level 10, -2/52 HPs)
             Began as a Tengu Air Elementalist on Dec 19, 2021.
             Was an Elder of Hepliaklqana.
             Slain by a hornet (10 damage)
             ... on level 9 of the Dungeon on Dec 20, 2021.
             The game lasted 00:40:32 (10113 turns).

Astera the Gusty (Tengu Air Elementalist)          Turns: 10113, Time: 00:40:32

Health: -2/52      AC: 12    Str: 13    XL:     10   Next: 40%
Magic:  12/18      EV: 15    Int: 19    God:    Hepliaklqana [****..]
Gold:   264        SH:  0    Dex: 14    Spells: 6/18 levels left

rFire   . . .      SeeInvis .   J - +2 quarterstaff (chaos)
rCold   + . .      Faith    .   (shield currently unavailable)
rNeg    . . .      Spirit   .   I - +5 ring mail "Qoinutof" {rElec Str+3}
rPois   .          Reflect  .   (helmet restricted)
rElec   +          Harm     .   K - +0 cloak
rCorr   .          Rampage  .   (no gloves)
Will    +....                   (boots unavailable)
Stlth   ++........              H - amulet of regeneration
HPRegen 0.97/turn               f - ring of protection from cold
MPRegen 0.16/turn               D - ring of willpower

@: lethally poisoned (-2 -> -2), flying quickly and evasively, slowed, very slow
A: reduced essence, beak, talons 3, nimble flight
a: Renounce Religion, Recall Ancestor, Ancestor Identity, Transference, Idealise


You were on level 9 of the Dungeon.
You worshipped Hepliaklqana.
Hepliaklqana was greatly pleased with you.
You visited 1 branch of the dungeon, and saw 9 of its levels.

You collected 312 gold pieces.
You spent 48 gold pieces at shops.

Inventory:

Hand Weapons
 J - a +2 quarterstaff of chaos (weapon)
Missiles
 j - 5 atropa-tipped darts
 r - a throwing net
Armour
 y - +0 steam dragon scales
 E - a +0 troll leather armour
 I - the +5 ring mail "Qoinutof" (worn) {rElec Str+3}
   (You found it on level 7 of the Dungeon)

   Str:       It affects your strength (+3).
   rElec:     It insulates you from electricity.
 K - a +0 cloak (worn)
Jewellery
 a - a ring of willpower
 f - a ring of protection from cold (left hand)
 p - a +4 ring of evasion
 w - a ring of protection from cold
 D - a ring of willpower (right hand)
 H - an amulet of regeneration (around neck)
Wands
 d - a wand of flame (42)
 C - a wand of paralysis (8)
 F - a wand of iceblast (17)
Scrolls
 c - 3 scrolls of magic mapping
 e - a scroll of immolation
 i - 2 scrolls of amnesia {unknown}
 k - a scroll of identify
 l - 2 scrolls of vulnerability {unknown}
 n - a scroll of enchant armour {unknown}
 o - a scroll of acquirement {unknown}
 q - a scroll of enchant weapon {unknown}
 u - 2 scrolls of torment {unknown}
 x - 2 scrolls of teleportation
 B - a scroll of brand weapon {unknown}
 G - a scroll of holy word {unknown}
Potions
 b - 2 potions of might
 g - 5 potions of mutation
 h - 2 potions of magic
 m - 4 potions of heal wounds
 s - a potion of brilliance {unknown}
 t - a potion of resistance {unknown}
 v - 5 potions of curing
 z - a potion of attraction {unknown}
 A - 2 potions of lignification
 L - a potion of degeneration {unknown}


   Skills:
 + Level 4.9 Fighting
 - Level 4.4 Staves
 + Level 6.2 Armour
 + Level 5.8 Dodging
 + Level 5.9 Stealth
 + Level 4.8 Spellcasting
 + Level 6.7 Conjurations
 + Level 7.7 Air Magic
 - Level 4.0 Evocations


You had 6 spell levels left.
You knew the following spells:

 Your Spells              Type           Power      Damage    Failure   Level
a - Shock                 Conj/Air       100%       1d9       1%          1
b - Static Discharge      Conj/Air       32%        N/A       1%          2
c - Swiftness             Air            34%        N/A       3%          3
d - Airstrike             Air            17%        N/A       10%         4
e - Searing Ray           Conj           60%        2d6       2%          2

Your spell library contained the following spells:

 Spells                   Type           Power      Damage    Failure   Level
 Magic Dart               Conj           100%       1d8       1%          1
 Mephitic Cloud           Conj/Pois/Air  22%        N/A       10%         3
 Call Imp                 Summ           4%         N/A       36%         2
 Fulminant Prism          Conj/Hex       8%         3d7       52%         4


Dungeon Overview and Level Annotations

Branches:
Dungeon (9/15)             Temple (0/1) D:6
   Lair: D:8-11         Orc: D:9-12

Altars:
Fedhas
Hepliaklqana
Nemelex Xobeh
Qazlal
Uskayaw
Xom
The Shining One

Shops:
D:4 ((


Innate Abilities, Weirdness & Mutations

Your life essence is reduced to manifest your ancestor. (-10% HP)
You have a beak for a mouth.
You have claws for feet.
Your magical nature lets you fly swiftly and evasively.


Message History

Confirm with . or Enter, or press ? or * to list all spells.
Aiming: Airstrike (dangerous; 10% risk of failure)
Press: ? - help, Dir - move target, f - hornet
Aim: a hornet (empty space bonus: 4/8)
The air twists around and strikes the hornet!
The hornet is moderately wounded.
Ferran barely misses the hornet.
The hornet stings you.
You are poisoned.
You suddenly lose the ability to move!
You can move again.
The zap hits the hornet.
The hornet is moderately wounded.
You feel very sick. The hornet completely misses you.
Ferran hits the hornet with a +0 flail.
The hornet stings you but does no damage.
The zap hits the hornet.
The hornet is severely wounded.
You feel very sick.
Ferran hits the hornet but does no damage.
The hornet stings you.
You feel yourself slow down.
The zap hits the hornet.
The hornet is severely wounded.
You feel very sick. The hornet stings you!
You are more poisoned.
You feel as though you will be slow longer.
Ferran misses the hornet.
The hornet stings you!
You feel as though you will be slow longer.
Ferran hits the hornet with a +0 flail.
The hornet completely misses you.
You feel very sick.
Ferran barely misses the hornet.
The hornet barely misses you.
You swap places.
You feel very sick.
Ferran barely misses the hornet.
The hornet closely misses you.
Ferran hits the hornet with a +0 flail.
The hornet misses you.
You feel very sick.
Ferran closely misses the hornet.
The hornet barely misses you.
You feel sick. The hornet barely misses you.
You feel sick. The hornet stings you!
You die...

#.#*###.#.######.##.
#.# #.#......#.##.
###.#####.#.####.#.##.
#......##.#.# #.#.##.
#......##.#.# #.#.##.
#......##.#.# #.#.##.
###.#####.#.####.#.##.
###R#####.#.#....#.##.
#...y@................
#>...####.#.#.####.##.
#.#..#* #.#.........#.
#.#...* #.###.#######.
#.#.#.#*#..,....,,,,..
#,#.#..*###*#.###***#.
********+#.##.#* #.#
#. *,,,,,,,,...*..*
#.# #.
*,,,,,,,,,,,**,** *,*
*,


You could see the friendly Ferran the knight and a hornet (ally target).

Vanquished Creatures
  Pikel (D:8)
  Maggie (D:8)
  A troll (D:6)
  A hornet (D:9)
  A wyvern (D:7)
  A black bear (D:6)
  2 ogres
  A lemure (D:8)
  2 kobold brigands
  2 bullfrogs
  A gnoll sergeant (D:9)
  A scorpion (D:5)
  A wyvern skeleton (D:4)
  2 killer bees (D:9)
  5 wights (D:6)
  A jelly (D:7)
  A hound (D:5)
  A bullfrog skeleton (D:6)
  2 orc priests
  A gnoll shaman (D:6)
  3 iguanas
  5 orc wizards
  9 gnolls
  4 adders
  A shadow imp (D:6)
  A white imp (D:6)
  A dart slug (D:1)
  15 orcs
  6 ball pythons
  3 bats
  4 endoplasms
  3 giant cockroaches
  3 hobgoblins
  2 quokkas
  4 goblins
  A goblin zombie (D:8)
  A hobgoblin zombie (D:8)
  12 kobolds
  A kobold zombie (D:8)
  An orc skeleton (D:8)
  An orc zombie (D:8)
  3 rats
113 creatures vanquished.

Vanquished Creatures (collateral kills)
  Grinder (D:3)
  An ice beast (D:5)
  An orc warrior (D:9)
  2 ogres
  A lemure (D:8)
  A kobold brigand (D:8)
  A bullfrog (D:7)
  7 killer bees (D:9)
  A howler monkey (D:8)
  Crazy Yiuf (D:7)
  3 orc priests
  A gnoll shaman (D:5)
  A hound (D:5)
  5 iguanas
  An iron imp (D:8)
  4 orc wizards
  2 killer bee zombies
  A hound skeleton (D:5)
  2 howler monkey zombies
  5 adders
  11 gnolls
  A shadow imp (D:5)
  A white imp (D:6)
  A worm (D:2)
  4 orcs
  An endoplasm (D:3)
  2 giant cockroaches (D:3)
  A quokka (D:3)
  2 ball pythons (D:2)
  A kobold (D:8)
  An orc zombie (D:8)
68 creatures vanquished.

Vanquished Creatures (others)
  A knight (D:6)
  An ancestor (D:2)
2 creatures vanquished.

Grand Total: 183 creatures vanquished

Notes
Turn   | Place    | Note
-------+----------+-------------------------------------------
     0 | D:1      | Astera the Tengu Air Elementalist began the quest for the
                  | Orb.
     0 | D:1      | Reached XP level 1. HP: 10/10 MP: 4/4
   350 | D:1      | Reached XP level 2. HP: 14/15 MP: 1/6
   773 | D:1      | Found a faded altar of an unknown god.
   787 | D:1      | Prayed at the altar of an unknown god.
   787 | D:1      | Became a worshipper of Hepliaklqana the Forgotten
   787 | D:1      | Reached * piety under Hepliaklqana
  1334 | D:2      | Reached XP level 3. HP: 13/18 MP: 0/7
  1334 | D:2      | Upgraded the game from 0.28-a0-1199-gef9e1dbd39 to
                  | 0.28-a0-1202-g1e6f1b2279
  1751 | D:2      | Reached skill level 1 in Staves
  1775 | D:2      | Reached skill level 1 in Armour
  1876 | D:2      | Reached ** piety under Hepliaklqana
  1877 | D:2      | Remembered your ancestor Ferran as a knight
  1974 | D:3      | Reached skill level 1 in Fighting
  1974 | D:3      | Reached skill level 1 in Evocations
  1974 | D:3      | Reached XP level 4. HP: 4/22 MP: 1/8
  2230 | D:3      | Noticed Grinder
  2408 | D:3      | Killed Grinder
  2409 | D:3      | Reached skill level 5 in Air Magic
  2409 | D:3      | Gained mutation: Your magical nature lets you fly swiftly
                  | and evasively. [Tengu growth]
  2409 | D:3      | Reached XP level 5. HP: 11/27 MP: 2/10
  2409 | D:3      | Reached XP level 6. HP: 13/31 MP: 2/11
  3014 | D:3      | Found a shimmering altar of Xom.
  3189 | D:3      | Learned a level 2 spell: Static Discharge
  3193 | D:3      | Learned a level 3 spell: Swiftness
  3244 | D:4      | Found Noed Lit's Weapon Emporium.
  3549 | D:4      | Reached XP level 7. HP: 36/36 MP: 6/12
  3593 | D:4      | Found a stormy altar of Qazlal.
  3701 | D:4      | Found a sparkling altar of Nemelex Xobeh.
  3824 | D:4      | Found Vunycw's Weapon Shoppe.
  3835 | D:4      | Bought a +0 quarterstaff for 48 gold pieces
  4027 | D:5      | Entered Level 5 of the Dungeon
  4184 | D:5      | Found a hide-covered altar of Uskayaw.
  4370 | D:5      | Reached *** piety under Hepliaklqana
  4552 | D:5      | Reached XP level 8. HP: 40/40 MP: 8/13
  4600 | D:5      | Found a blossoming altar of Fedhas.
  5592 | D:6      | Noticed a troll
  5605 | D:6      | Reached skill level 6 in Air Magic
  5649 | D:6      | Killed a troll
  5703 | D:6      | Found a staircase to the Ecumenical Temple.
  6128 | D:6      | Reached skill level 5 in Conjurations
  6185 | D:6      | Reached XP level 9. HP: 46/46 MP: 4/15
  6832 | D:7      | Reached skill level 5 in Stealth
  6844 | D:7      | Identified the +5 ring mail "Qoinutof" {rElec Str+3}
  7080 | D:7      | Reached skill level 5 in Dodging
  7227 | D:7      | Learned a level 4 spell: Airstrike
  7248 | D:7      | Reached **** piety under Hepliaklqana
  7282 | D:7      | Identified the +0 chain mail of Pakhuckycs {+Inv MP+9
                  | Dex-2}
  7480 | D:7      | Found a runed translucent door.
  7481 | D:7      | Noticed Crazy Yiuf
  7825 | D:7      | Killed Crazy Yiuf
  8017 | D:7      | Reached skill level 7 in Air Magic
  8299 | D:8      | Noticed Maggie
  8309 | D:8      | Killed Maggie
  8310 | D:8      | Reached skill level 5 in Armour
  8667 | D:8      | Noticed Pikel
  8679 | D:8      | Killed Pikel
  8680 | D:8      | Reached XP level 10. HP: 52/52 MP: 3/17
  8790 | D:8      | Found a glowing golden altar of the Shining One.
  9222 | D:9      | Learned a level 2 spell: Searing Ray
 10105 | D:9      | Paralysed by a hornet for 1 turns
 10113 | D:9      | Slain by a hornet

Illustrated notes

Levels and vault maps discovered:
D:1:      tarquinn_simple_flora_water_a, layout_basic,
          shapermc_ecumenical_altar_mp_highgroup, dk_noncrumbling_4
D:2:      layout_basic, minmay_shallow_snake_nest
D:3:      layout_rooms, overflow_temple_1_default, uniq_grinder
D:4:      layout_cave_pools, grunt_qazlal_sundering,
          mainiacjoe_overflow_brackets, serial_shops,
          nicolae_shop_competitors_out_of_business, nicolae_shop_waterfront,
          corner_web_ring
D:5:      layout_basic, lemuel_doored_altar, mainiacjoe_overflow_24_doors
D:6:      layout_loops_ring, minmay_temple_entry_statues_fountains
D:7:      layout_loops_cross, uniq_crazy_yiuf_cottage
D:8:      layout_cave_pools, nicolae_tso_besieged_by_evil, uniq_maggie,
          uniq_pikel
D:9:      layout_basic

Skill      XL: |  1  2  3  4  5  6  7  8  9 10 |
---------------+-------------------------------+-----
Staves         | 1 2 4 |  4.4
Armour         | 1 2 3 4 5 6 |  6.2
Fighting       | 1 2 3 4 |  4.9
Conjurations   | 2 3 4 5 6 |  6.7
Evocations     | 1 2 3 4 |  4.0
Dodging        | 3 4 5 |  5.8
Stealth        | 3 4 5 |  5.9
Air Magic      | 5 6 7 |  7.7
Spellcasting   | 3 4 |  4.8

Action                   |  1- 3 |  4- 6 |  7- 9 | 10-12 || total
-------------------------+-------+-------+-------+-------++-------
Melee: Unarmed           |     2 |       |       |       ||     2
       Whip              |       |     1 |       |       ||     1
       Kick              |       |     1 |       |       ||     1
       Peck              |       |     1 |       |       ||     1
       Quarterstaff      |       |       |       |     1 ||     1
 Cast: Shock             |    63 |    79 |   255 |    81 ||   478
       Static Discharge  |       |       |    18 |       ||    18
       Airstrike         |       |       |       |     2 ||     2
Invok: Ancestor Life: Kn |     1 |       |       |       ||     1
  Use: Potion            |       |     1 |       |       ||     1
       Scroll            |       |     3 |     4 |     2 ||     9
Armor: Robe              |     2 |       |       |       ||     2
       Ring mail         |       |       |     6 |     8 ||    14
Dodge: Dodged            |    21 |     6 |    36 |    26 ||    89

Table legend: (Time is in decaauts)
 A = Elapsed time spent in this place.
 B = Non-inter-level travel time spent in this place.
 C = Inter-level travel time spent in this place.
 D = Time resting spent in this place.
 E = Time spent auto-exploring this place.
 F = Levels seen in this place.
 G = Mean time per level.
                   A        B        C        D        E       F      G
               +--------+--------+--------+--------+--------+-----+--------+
         Total |   9724 |   9494 |    230 |   3131 |   3497 |   9 | 1080.4 |
       Dungeon |   9724 |   9494 |    230 |   3131 |   3497 |   9 | 1080.4 |
               +--------+--------+--------+--------+--------+-----+--------+

Top non-repeatable levels by time:
     D:2: 1454 daAuts
     D:6: 1415 daAuts
     D:5: 1315 daAuts
     D:8: 1220 daAuts
     D:7: 1056 daAuts
     D:1: 1033 daAuts
     D:4: 801 daAuts
     D:9: 766 daAuts
     D:3: 661 daAuts
